Map: Lost and Found LE

Players

Kallestål - Winner!

  • Race: Terran Terran
  • Spawn Location: 7:00

oetti

  • Race: Zerg Zerg
  • League: Gold
  • Spawn Location: 1:00

VOD

Have the link to the VOD?

Description

Hello

Time

  • Played on: June 11, 2018, 11:42 a.m.
  • Length: 7:29
Show
View Real Time Build Order
Export as new Build Order

Kallestål Terran - Winner!

Build Orders:  

Get SALT Encoding   

  12  0:00  SCV  
  13  0:12  SCV  
  14  0:24  Supply Depot, SCV  
  15  0:45  SCV  
  16  0:57  SCV  
  17  1:09  SCV  
  18  1:11  Barracks  
  18  1:16  Refinery  
  18  1:17  Refinery  
  18  1:26  Barracks  
  18  1:27  Barracks, SCV  
  19  1:39  SCV  
  20  1:51  SCV  
  21  1:59  Supply Depot  
  21  2:02  Marine  
  21  2:03  SCV  
  23  2:15  Barracks Reactor  
  23  2:21  SCV, Marine  
  25  2:23  Supply Depot, Barracks Reactor  
  25  2:27  Supply Depot  
  25  2:33  SCV  
  26  2:39  Marine  
  27  2:45  SCV  
  28  2:51  Supply Depot  
  28  2:54  Reaper  
  28  2:56  Marine  
  28  2:57  SCV  
  31  2:59  Reaper  
  31  3:04  Reaper  
  31  3:05  Reaper  
  34  3:14  Marine  
  35  3:21  SCV  
  35  3:26  Reaper  
  37  3:31  Reaper  
  37  3:32  Reaper  
  39  3:36  Reaper  
  39  3:37  Reaper  
  41  3:58  Reaper  
  42  4:03  Reaper, SCV  
  42  4:04  Reaper  
  42  4:08  Marine  
  42  4:09  Marine  
  35  5:00  Reaper x2  
  19  5:51  Marine x3  
  12  6:44  SCV  
  13  7:08  SCV  
Show
View Real Time Build Order
Export as new Build Order

oetti Zerg 

Build Orders: Hatch First 

Get SALT Encoding   

  12  0:01  Drone  
  13  0:12  Overlord  
  13  0:17  Drone  
  14  0:31  Drone x2  
  14  0:34  Drone  
  17  0:52  Hatchery  
  17  0:56  Drone  
  17  1:04  Drone  
  17  1:10  Extractor  
  17  1:18  Spawning Pool  
  17  1:20  Drone x2  
  18  1:28  Drone  
  19  1:39  Overlord  
  19  1:49  Drone  
  20  2:05  Queen x2  
  20  2:07  Drone x2  
  26  2:12  Zergling x2  
  28  2:15  Zergling x2  
  28  2:22  Zergling x2  
  29  2:26  Drone  
  30  2:34  Overlord  
  30  2:39  Drone  
  31  2:45  Metabolic Boost  
  32  2:51  Drone x2  
  32  2:54  Drone  
  32  2:56  Queen  
  36  2:58  Drone  
  37  3:12  Hatchery  
  36  3:14  Baneling Nest  
  36  3:19  Drone x5  
  40  3:22  Overlord  
  40  3:25  Extractor  
  39  3:31  Evolution Chamber  
  38  3:39  Overlord  
  38  3:40  Queen  
  40  3:50  Lair  
  40  3:53  Zergling x2  
  40  3:54  Zergling x6  
  44  4:05  Drone x3  
  46  4:21  Zergling x12  
  46  4:32  Drone x4  
  37  4:48  Zergling x10  
  34  4:57  Centrifical Hooks  
  34  4:59  Zergling x2  
  28  5:00  Zergling x4  
  28  5:02  Queen  
  30  5:14  Baneling x3  
  27  5:16  Baneling x2  
  27  5:20  Spine Crawler  
  26  5:22  Spine Crawler, Baneling  
  26  5:23  Baneling x2  
  21  5:42  Zergling x2  
  17  5:43  Zergling x8  
  20  5:55  Zergling x2  
  16  6:05  Zergling x4  
  18  6:13  Zergling x2  
  18  6:14  Zergling x2  
  18  6:18  Baneling  
Tags
 
League
Gold
Matchup
TvZ
Spawn Locations
Cross Positions
Add a new tag
Caveats
  • Supply blocks, unpowered buildings, or Contaminate may cause inaccurate times.
  • Supply counts are checked every 10 seconds.